AoeStats
← bone app the teeth

Lombardia

509985593Analyzed
2v2 RM · 4d ago on Sep 28, 2026· 19m 45s· 4 players
Game mode
Random Map
Map size
Medium (4 player)
Population
200
Speed
Normal
Resources
Standard
Victory
Conquest
Starting age
Dark Age
Ending age
Imperial Age
RankedLock teamsTeams togetherTeam positionsShared explorationLock speedFull tech treeHidden civsTurbo modeCheats
Victory
Defeat
🇺🇸 Tatars · United States
1077
+16
🇺🇸 Persians · United States
1075
+16
🇨🇦 Japanese · Canada
1128
-18
🇫🇷 Lithuanians · France
1035
-14
Aluerad
5:29 Loom
11:29 Feudal Age
12:23 Double-Bit Axe
bone app the teeth
8:04 Loom
8:25 Loom
11:27 Feudal Age
11:53 Double-Bit Axe
11:50 Horse Collar
13:47 Fletching
18:20 Castle Age
17:43 Scale Barding Armor
18:21 Stone Mining
18:23 Gold Mining
19:05 Bloodlines
Addicted8763
2:20 Loom
10:41 Feudal Age
10:53 Man-at-Arms
uselessplayer
13:52 Feudal Age
15:34 Loom
15:36 Town Watch
18:19 Castle Age
17:51 Double-Bit Axe
17:47 Horse Collar
20:09 Wheelbarrow
Connection lost

Rejoining the realm…

Still unreachable

The connection could not be restored.

Session expired

The server has moved on; the page needs a fresh start.